 Dungeon Crawl Stone Soup version 0.31-a0-524-g2a164cf6a2 (webtiles) character file.

Game seed: 853699333151595461

1617 AdnanSaban the Cudgeller (level 8, 0/49 HPs)
             Began as a Gargoyle Fighter on Aug 12, 2023.
             Was an Initiate of Okawaru.
             Slain by a wight
             ... wielding a +4 scimitar
              (4 damage)
             ... on level 5 of the Dungeon.
             The game lasted 00:04:43 (4413 turns).

AdnanSaban the Cudgeller (Gargoyle Fighter)         Turns: 4413, Time: 00:04:43

Health: 0/49       AC: 14    Str: 28    XL:     8   Next: 96%
Magic:  8/8        EV: 11    Int:  9    God:    Okawaru [......]
Gold:   216        SH:  4    Dex:  9    Spells: 7/7 levels left

rFire   . . .        C - +1 flail (drain)
rCold   . . .        c - +0 buckler
rNeg    + + .        b - +0 scale mail
rPois   ∞            (no helmet)
rElec   +            (no cloak)
rCorr   .            (no gloves)
SInv    .            i - +0 pair of boots
Will    .....        (no amulet)
Stlth   x              - +6 ring of strength
HPRegen 0.28/turn    B - ring of positive energy
MPRegen 0.11/turn

%: no passive effects
@: no status effects
A: sickness immunity, AC +5, negative energy resistance 1, electricity
resistance, torment resistance 1, petrification resistance
a: Renounce Religion


You were on level 5 of the Dungeon.
You worshipped Okawaru.
Okawaru was noncommittal.
You visited 2 branches of the dungeon, and saw 7 of its levels.
You also visited: Sewer.

You collected 216 gold pieces.

Inventory:

Hand Weapons
 C - a +1 flail of draining (weapon)
Missiles
 e - 4 boomerangs (quivered)
 r - 20 poisoned darts
 y - 4 javelins
Armour
 b - a +0 scale mail (worn)
 c - a +0 buckler (worn)
 i - a +0 pair of boots (worn)
Jewellery
 x - a +6 ring of strength (left hand)
 B - a ring of positive energy (right hand)
 E - an amulet of faith
Wands
 v - a wand of flame (7)
 A - a wand of mindburst (16)
Scrolls
 a - a scroll of fog {unknown}
 f - 3 scrolls of teleportation {unknown}
 g - 2 scrolls of vulnerability {unknown}
 h - 4 scrolls of enchant weapon {unknown}
 k - 2 scrolls of immolation {unknown}
 m - 4 scrolls of identify {unknown}
 q - 2 scrolls of summoning {unknown}
 u - 3 scrolls of noise {unknown}
 z - a scroll of amnesia {unknown}
 D - a scroll of revelation {unknown}
 G - a scroll of enchant armour {unknown}
Potions
 d - 6 potions of might
 j - a potion of attraction {unknown}
 l - a potion of berserk rage {unknown}
 n - a potion of heal wounds {unknown}
 o - 2 potions of resistance {unknown}
 p - 4 potions of curing {unknown}
 s - 5 potions of haste {unknown}
 t - a potion of invisibility {unknown}
 w - 2 potions of lignification {unknown}
 F - a potion of cancellation {unknown}


   Skills:
 + Level 5.3 Fighting
 + Level 6.9 Maces & Flails
 + Level 6.5 Armour
 + Level 3.3 Dodging
 + Level 0.6 Stealth
 + Level 5.3 Shields


You had 7 spell levels left.
You didn't know any spells.
Your spell library was empty.

Dungeon Overview and Level Annotations

Branches:
Dungeon (6/15)             Temple (1/1) D:5           Sewer (visited)

Altars:
Ashenzari
Cheibriados
Dithmenos
Fedhas
Gozag
Hepliaklqana
Kikubaaqudgha
Makhleb
Nemelex Xobeh
Okawaru
Sif Muna
Trog
Uskayaw
Vehumet
Wu Jian
Xom
Zin
The Shining One


Innate Abilities, Weirdness & Mutations

You are immune to sickness and miasma.
Your stone body is resilient. (AC +5)
You are immune to poison.
You resist negative energy. (rN+)
You are resistant to electric shocks. (rElec)
You are resistant to unholy torment.
You are immune to petrification.


Message History

The wight hits you with a +0 battleaxe!
You are too injured to fight recklessly!
You are too injured to fight recklessly!
You are too injured to fight recklessly!
You are too injured to fight recklessly!
You are too injured to fight recklessly!
You are too injured to fight recklessly!
You are too injured to fight recklessly!
You are too injured to fight recklessly!
You are too injured to fight recklessly!
You are too injured to fight recklessly!
You are too injured to fight recklessly!
You are too injured to fight recklessly!
You are too injured to fight recklessly!
You are too injured to fight recklessly!
You are too injured to fight recklessly!
You are too injured to fight recklessly!
You are too injured to fight recklessly!
You are too injured to fight recklessly!
You hit the wight but do no damage. The wight hits you with a +4 scimitar!
* * * LOW HITPOINT WARNING * * *
You hit the wight but do no damage. You block the wight's attack.
You hit the wight.
The wight is moderately damaged.
The wight misses you.
You hit the wight but do no damage.
The wight is moderately damaged.
The wight hits you with a +4 scimitar.
* * * LOW HITPOINT WARNING * * *
You hit the wight but do no damage.
The wight is moderately damaged.
The wight hits you with a +4 scimitar!
* * * LOW HITPOINT WARNING * * *
You sock the wight!
The wight is almost destroyed.
The wight closely misses you.
You closely miss the wight.
The wight is almost destroyed.
The wight hits you with a +4 scimitar.
You die...

.......)).##....####...#
#######.####....<.######
#<.#....##..## ###.#.##.##...###
#####.....##.##.....#
##...).#.[.##.###†>#.###
#..#######.##.# ##.#...# ######
..## ##..#.####..##.#####....#
### ####.......@zz.............#
######.(..##.#..###.###..###....#
.......#####.##.###.# ##.######.#
.####### ##.##..##.# #..### #..
## ##...##....# ##...###.#
##.....###..# ###..##.#
#.......##..# #####.#
#.......##..###########.# #
#.......###.##..........#


You could see 2 wights.

Vanquished Creatures
  Pikel (D:5)
  A black bear (D:4)
  2 ice beasts (D:4)
  A phantom (D:5)
  A lemure (D:5)
  3 kobold brigands (Sewer)
  A scorpion (D:5)
  2 howler monkeys (D:5)
  3 hounds
  A jelly (D:4)
  3 orc priests
  An iguana (D:4)
  2 orc wizards (D:4)
  9 gnolls
  2 adders (D:2)
  An ufetubus (D:3)
  2 worms
  3 dart slugs
  12 orcs
  9 endoplasms
  7 giant cockroaches
  5 goblins
  9 hobgoblins
  5 jackals
  18 kobolds
  3 quokkas (D:3)
  10 ball pythons
  5 bats
  2 frilled lizards
  10 rats
134 creatures vanquished.

Notes
Turn   | Place    | Note
-------+----------+-------------------------------------------
     0 | D:1      | AdnanSaban the Gargoyle Fighter began the quest for the
                  | Orb.
     0 | D:1      | Reached XP level 1. HP: 14/14 MP: 1/1
   165 | D:1      | Reached XP level 2. HP: 19/19 MP: 2/2
   596 | D:1      | Reached XP level 3. HP: 8/24 MP: 3/3
   683 | D:2      | Reached XP level 4. HP: 19/29 MP: 4/4
  1588 | D:3      | Found a glowing drain.
  1637 | Sewer    | Entered a sewer
  1724 | Sewer    | Reached XP level 5. HP: 33/33 MP: 5/5
  1736 | Sewer    | Noticed a kobold brigand
  1755 | Sewer    | Killed a kobold brigand
  1756 | Sewer    | Reached skill level 1 in Dodging
  1920 | Sewer    | Noticed a kobold brigand
  1941 | Sewer    | Killed a kobold brigand
  1942 | Sewer    | Reached XP level 6. HP: 10/38 MP: 6/6
  2119 | Sewer    | Reached skill level 5 in Armour
  3046 | D:4      | Reached XP level 7. HP: 35/44 MP: 7/7
  3556 | D:5      | Entered Level 5 of the Dungeon
  3576 | D:4      | Reached skill level 5 in Maces & Flails
  3585 | D:4      | Reached XP level 8. HP: 36/48 MP: 8/8
  3781 | D:5      | Noticed Pikel
  3802 | D:5      | Killed Pikel
  3803 | D:5      | Reached skill level 5 in Fighting
  3803 | D:5      | Reached skill level 5 in Shields
  3994 | D:5      | Found a staircase to the Ecumenical Temple.
  4039 | Temple   | Entered the Ecumenical Temple
  4048 | Temple   | Became a worshipper of Warmaster Okawaru
  4396 | D:6      | Noticed a yak
  4413 | D:5      | Slain by a wight

Illustrated notes

Levels and vault maps discovered:
D:1:      minmay_arrival_five_plusses, layout_basic, minmay_bisected
D:2:      layout_loops_cross
D:3:      layout_loops_corners, portal_sewer_entry_f
D:4:      layout_rooms, minmay_curled_crystal, minmay_misc_feat_rows,
          kennysheep_crisscross, minmay_between
D:5:      layout_rooms, minmay_temple_entry_enclosed_plants,
          dreamdust_gnoll_farm, uniq_pikel
D:6:      layout_loops_ring, minmay_hedge_maze
Temple:   compressed_dpeg_circular_temple

Skill      XL: |  1  2  3  4  5  6  7  8 |
---------------+-------------------------+-----
Armour         | 4 5 6 |  6.5
Fighting       | 4 5 |  5.3
Maces & Flails | 3 4 5 6 |  6.9
Dodging        | 1 2 3 |  3.3
Shields        | 4 5 |  5.3
Stealth        | |  0.6

Action                     |  1- 3 |  4- 6 |  7- 9 || total
---------------------------+-------+-------+-------++-------
  Melee: Flail             |    59 |   339 |   172 ||   570
 Armour: Scale mail        |    30 |   231 |    90 ||   351
  Dodge: Dodged            |    32 |   207 |    95 ||   334
  Block: Buckler           |    11 |    93 |    40 ||   144

Table legend: (Time is in decaauts)
 A = Elapsed time spent in this place.
 B = Non-inter-level travel time spent in this place.
 C = Inter-level travel time spent in this place.
 D = Time resting spent in this place.
 E = Time spent auto-exploring this place.
 F = Levels seen in this place.
 G = Mean time per level.
                   A        B        C        D        E       F      G
               +--------+--------+--------+--------+--------+-----+--------+
         Total |   4582 |   4440 |    142 |    186 |   3100 |   8 |  572.8 |
       Dungeon |   3909 |   3783 |    126 |    186 |   2698 |   6 |  651.5 |
        Temple |     18 |      2 |     16 |      0 |      0 |   1 |   18.0 |
         Sewer |    654 |    654 |      0 |      0 |    401 |   1 |  654.0 |
               +--------+--------+--------+--------+--------+-----+--------+

Top non-repeatable levels by time:
     D:3: 1027 daAuts
     D:4: 856 daAuts
     D:2: 688 daAuts
     D:5: 682 daAuts
   Sewer: 654 daAuts
     D:1: 647 daAuts
  Temple: 18 daAuts
     D:6: 7 daAuts
